 Dungeon Crawl Stone Soup version 0.16-a0-3855-gd2600ac (webtiles) character file.

5891 abixa the Carver (level 10, -1/84 HPs)
             Began as a Demigod Skald on Jan 31, 2015.
             Slain by a killer bee (4 damage)
             ... on level 9 of the Dungeon.
             The game lasted 01:19:50 (13512 turns).

abixa the Carver (Demigod Skald)                   Turns: 13512, Time: 01:19:50

Health: -1/84      AC: 10    Str: 19    XL:     10   Next: 28%
Magic:  20/20      EV: 16    Int: 22    God:
Gold:   737        SH:  0    Dex: 19    Spells: 5 memorised, 3 levels left

rFire  . . .     SeeInvis .     a - +8 morningstar {freeze, rF- rC+ Int+4}
rCold  + . .     Clarity  .     L - +0 leather armour {rF+} (curse)
rNeg   . . .     SustAb   +     (no shield)
rPois  .         Gourm    .     y - +2 helmet
rElec  .         Spirit   .     (no cloak)
rCorr  .         Warding  .     s - +0 pair of gloves
rMut   .         Stasis   .     E - +2 pair of boots
MR     +....                    j - amulet of inaccuracy (curse)
Stlth  +.........               (no ring)
                                e - +4 ring of strength

@: lethally poisoned, somewhat resistant to hostile enchantments, very
unstealthy
A: sustain abilities
a: no special abilities


You were on level 9 of the Dungeon.
You were not hungry.

You visited 1 branch of the dungeon, and saw 11 of its levels.
You also visited: Ossuary.

You collected 737 gold pieces.

Inventory:

Hand weapons
 a - the +8 morningstar "Ghu Phamp" (weapon) {freeze, rF- rC+ Int+4}
   (You found it on level 7 of the Dungeon)

   It has been specially enchanted to freeze those struck by it, causing extra
   injury to most foes and up to half again as much damage against particularly
   susceptible opponents.
   It can also slow down cold-blooded creatures.
   It affects your intelligence (+4).
   It makes you vulnerable to fire.
   It protects you from cold.
 o - a +1 blowgun
 T - a +0 antimagic trident
Missiles
 k - 8 javelins (quivered)
 D - 69 sling bullets
 J - 5 tomahawks
Armour
 s - a +0 pair of gloves (worn)
 y - a +2 helmet (worn)
 E - a +2 pair of boots (worn)
 L - a cursed +0 leather armour of fire resistance (worn)
Rods
 I - a +0 rod of ignition (12/12)
   (You took it off Blork the orc on level 4 of the Dungeon)
Jewellery
 e - a +4 ring of strength (left hand)
 j - a cursed amulet of inaccuracy (around neck)
Magical devices
 p - a wand of digging (17)
 q - a wand of magic darts (23)
 v - a wand of fire (1)
 B - a wand of paralysis (11)
 G - a wand of paralysis (9)
 Q - a wand of fire (7)
 V - a wand of polymorph (7)
 W - a wand of disintegration (5)
 X - a wand of disintegration (4)
Scrolls
 g - a scroll of fog {unknown}
 l - 3 scrolls of amnesia
 m - 10 scrolls of remove curse
 n - a scroll of random uselessness {unknown}
 C - a scroll of silence {unknown}
 F - 3 scrolls of blinking
 N - a scroll of magic mapping {unknown}
 R - 2 scrolls of enchant weapon
 S - a scroll of recharging {unknown}
 Y - a scroll of fear
Potions
 b - 2 potions of magic
 c - 2 potions of agility
 f - 2 potions of curing {unknown}
 i - 3 potions of brilliance
 r - a potion of restore abilities {unknown}
 w - 2 potions of ambrosia
 x - a potion of lignification {unknown}
 A - a potion of heal wounds
 K - 2 potions of cancellation {unknown}
 O - 2 potions of invisibility {unknown}
Miscellaneous
 z - a sack of spiders
Comestibles
 d - 8 bread rations
 t - 3 meat rations
 u - 5 chunks of flesh
 H - a beef jerky
 M - a slice of pizza
 Z - 28 fruits


   Skills:
 + Level 6.4 Fighting
   Level 9.2 Long Blades
 - Level 0.8 Armour
 + Level 5.7 Dodging
 - Level 1.7 Spellcasting
 - Level 4.3 Hexes
 + Level 6.8 Charms


You had 3 spell levels left.
You knew the following spells:

 Your Spells              Type           Power        Failure   Level  Hunger
a - Infusion              Chrm           ####..       1%          1    #......
b - Song of Slaying       Chrm           ####....     1%          2    ###....
c - Shroud of Golubria    Chrm/Tloc      ###.......   10%         2    ###....
d - Spectral Weapon       Hex/Chrm       ####....     6%          3    ###....
e - Corona                Hex            ###....      3%          1    #......


Dungeon Overview and Level Annotations

Branches:
Dungeon (11/15)            Temple (0/1) D:6
   Lair: D:8-11         Orc: D:9-12

Shops:
D:4 [   D:10 (

Annotations:
D:8 unseen horror, stash
D:9 bees
D:10 exclusion: oklob plant


Innate Abilities, Weirdness & Mutations

Your attributes are resistant to harm.


Message History

* * * LOW HITPOINT WARNING * * *
You feel sick. The killer bee barely misses you.
The killer bee closely misses you.
You miss the killer bee.
The killer bee is moderately wounded.
You feel sick. The killer bee completely misses you.
The killer bee barely misses you. x2
You feel less invigorated.
You feel less confused. The killer bee barely misses you.
You miss the killer bee.
The killer bee is lightly wounded.
You feel sick.
The killer bee stings you but does no damage.
The killer bee misses you. The killer bee stings you.
* * * LOW HITPOINT WARNING * * *
You barely miss the killer bee.
The killer bee is lightly wounded.
The killer bee stings you.
You die...

#...................#............
#.............(.....#............
#.................(.#............
#.............(.....'............
#...................#............
#..............(....#............
#####'####+####(##..###...##......
#......###.####y##..###...##......
#......'....#...@.....#...........
#......#....+.........#...........
#......#....#.........'...:.......
#......#+####...###+####..##...###
######.....##...##...###'###...##.
#.....#...................##.
#.....+...................##'
#.....#...................#..
#.....#...................#..


You could see a killer bee.

Vanquished Creatures
  Pikel (D:4)
  A gargoyle (D:11)
  A troll (D:9)
  A two-headed ogre (D:11)
  A deep elf mage (D:9)
  Eustachio (D:8)
  The ghost of nht the Bolt Thrower, an average MiHu (Ossuary)
  A steam dragon (D:9)
  A soldier ant (D:10)
  A hungry ghost (D:9)
  Edmund (D:5)
  A sky beast (D:5)
  A black bear (D:5)
  An orc warrior (D:7)
  A swamp drake (D:7)
  3 ogres
  2 slaves
  2 eyes of draining (D:5)
  2 ice beasts
  6 centaurs
  3 elf zombies (Ossuary)
  4 giant frogs
  Blork the orc (D:4)
  2 big kobolds
  A wyvern zombie (D:8)
  A scorpion (D:5)
  A killer bee (D:9)
  4 crimson imps
  2 goliath beetles
  3 centaur zombies
  3 hounds
  6 orc priests
  2 jellies (D:5)
  A human zombie (Ossuary)
  2 giant frog skeletons
  2 iguanas
  Natasha (thrice) (D:5)
  7 orc wizards
  7 worker ants
  A killer bee zombie (D:5)
  Ijyb (D:4)
  A big kobold zombie (Ossuary)
  2 hound skeletons
  2 mummies (Ossuary)
  A worker ant zombie (D:11)
  9 adders
  A gnoll (D:5)
  2 giant mites
  3 shadow imps
  3 worms
  3 adder zombies
  2 giant geckos
  32 orcs
  A ball python (D:8)
  19 bats
  A bat skeleton (D:6)
  12 goblins
  8 hobgoblins
  18 jackals
  19 kobolds
  3 quokkas
  7 giant cockroaches
  A giant gecko zombie (D:8)
  4 giant newts
  A goblin zombie (D:6)
  10 hobgoblin zombies (Ossuary)
  A jackal zombie (Ossuary)
  6 kobold zombies
  11 orc zombies (Ossuary)
  A quokka skeleton (D:7)
  11 rats
  A rat zombie (D:6)
283 creatures vanquished.

Vanquished Creatures (others)
  A killer bee (D:9)
  A spectral weapon (D:11)
  A rat (D:3)
3 creatures vanquished.

Grand Total: 286 creatures vanquished

Notes
Turn   | Place    | Note
--------------------------------------------------------------
     0 | D:1      | abixa, the Demigod Skald, began the quest for the Orb.
     0 | D:1      | Reached XP level 1. HP: 17/17 MP: 3/3
   361 | D:1      | Reached XP level 2. HP: 15/24 MP: 0/4
   852 | D:1      | Reached skill level 3 in Long Blades
  1400 | D:2      | Reached XP level 3. HP: 27/29 MP: 7/7
  1420 | D:2      | Found a snail-covered altar of Cheibriados.
  1627 | D:2      | Noticed an air elemental
  1628 | D:2      | Found a stormy altar of Qazlal.
  1630 | D:2      | Noticed a fire elemental
  1631 | D:2      | Noticed a water elemental
  1631 | D:2      | Noticed an earth elemental
  1917 | D:2      | Reached skill level 4 in Long Blades
  2185 | D:2      | Reached XP level 4. HP: 36/36 MP: 6/9
  2230 | D:2      | Learned a level 2 spell: Song of Slaying
  2233 | D:2      | Learned a level 2 spell: Shroud of Golubria
  2906 | D:3      | Found a white marble altar of Elyvilon.
  3091 | D:3      | Reached XP level 5. HP: 35/41 MP: 5/10
  3158 | D:3      | Reached skill level 5 in Long Blades
  3295 | D:3      | Paralysed by a crimson imp for 6 turns
  3639 | D:3      | Found a shimmering altar of Xom.
  3640 | D:3      | Found a burning altar of Makhleb.
  3704 | D:3      | Reached XP level 6. HP: 48/48 MP: 7/13
  3777 | D:3      | Found an opulent altar of Gozag.
  4013 | D:4      | Noticed Ijyb
  4046 | D:4      | Killed Ijyb
  4138 | D:4      | Found Saubbim's Armour Shop.
  4182 | D:4      | Noticed Blork the orc
  4231 | D:4      | Found a sparkling altar of Nemelex Xobeh.
  4562 | D:4      | Noticed Pikel
  4675 | D:4      | Killed Blork the orc
  4682 | D:4      | Identified a +0 rod of ignition (12/12) (You took it off Blork the orc on level 4 of the Dungeon)
  4824 | D:4      | Learned a level 3 spell: Spectral Weapon
  5052 | D:5      | Entered Level 5 of the Dungeon
  5178 | D:5      | Reached skill level 6 in Long Blades
  5302 | D:5      | Reached XP level 7. HP: 53/53 MP: 0/15
  5436 | D:5      | Found a bloodstained altar of Trog.
  5455 | D:5      | Noticed Natasha
  5457 | D:5      | Killed Natasha
  5457 | D:5      | Reached skill level 7 in Long Blades
  5648 | D:5      | Noticed Natasha
  5649 | D:5      | Killed Natasha
  5681 | D:5      | Noticed Natasha
  5682 | D:5      | Killed Natasha
  5774 | D:5      | Reached skill level 8 in Long Blades
  5983 | D:5      | Noticed Edmund
  5999 | D:5      | Killed Edmund
  5999 | D:5      | Reached XP level 8. HP: 54/60 MP: 4/17
  6312 | D:5      | Reached skill level 9 in Long Blades
  6368 | D:6      | Found a sand-covered staircase.
  6392 | Ossuary  | Entered an ossuary
  6483 | Ossuary  | Noticed nht's ghost (average MiHu)
  6489 | Ossuary  | Killed nht's ghost
  7635 | D:6      | Found a staircase to the Ecumenical Temple.
  7777 | D:7      | Got an ichor-stained morningstar
  7910 | D:7      | Noticed Sigmund
  7914 | D:6      | Identified the +8 morningstar "Ghu Phamp" {freeze, rF- rC+ Int+4} (You found it on level 7 of the Dungeon)
  8058 | D:7      | Noticed Sigmund
  8058 | D:7      | Sigmund changed into Sigmund the swamp drake
  8062 | D:7      | Killed Sigmund the swamp drake
  8093 | D:7      | Found an ancient bone altar of Kikubaaqudgha.
  8183 | D:7      | Found a glowing golden altar of the Shining One.
  8203 | D:7      | Reached skill level 1 in Dodging
  8297 | D:7      | Reached XP level 9. HP: 52/70 MP: 16/18
  9016 | D:8      | Found a stormy altar of Qazlal.
  9215 | D:8      | Found a deep blue altar of Sif Muna.
  9383 | D:8      | Noticed Eustachio
  9408 | D:8      | Killed Eustachio
  9731 | D:9      | Reached skill level 5 in Charms
 10499 | D:9      | Reached skill level 5 in Fighting
 11070 | D:10     | Entered Level 10 of the Dungeon
 11082 | D:10     | Found Kiser's Weapon Shop.
 11260 | D:10     | Noticed an oklob plant
 11973 | D:11     | Noticed a gargoyle
 11979 | D:11     | Reached XP level 10. HP: 57/83 MP: 15/20
 11983 | D:11     | Killed a gargoyle
 11983 | D:11     | Reached skill level 5 in Dodging
 12566 | D:8      | Learned a level 1 spell: Corona
 13171 | D:4      | Killed Pikel
 13410 | D:8      | Noticed an unseen horror
 13507 | D:9      | HP: 1/84 [killer bee (8)]
 13512 | D:9      | Slain by a killer bee

Action                   |  1- 3 |  4- 6 |  7- 9 | 10-12 || total
-------------------------+-------+-------+-------+-------++-------
Melee: Falchion          |   170 |   301 |   385 |       ||   856
       Dagger            |       |     7 |       |       ||     7
       Spear             |       |     1 |       |       ||     1
       Morningstar       |       |       |   195 |    54 ||   249
       Rod               |       |       |     2 |       ||     2
 Fire: Blowgun           |       |     6 |    10 |    14 ||    30
Throw: Stone             |     6 |    30 |    54 |       ||    90
       Tomahawk          |       |     4 |    11 |       ||    15
       Javelin           |       |       |       |     1 ||     1
 Cast: Infusion          |     9 |    22 |    19 |     1 ||    51
       Song of Slaying   |       |     2 |     2 |       ||     4
       Spectral Weapon   |       |       |     8 |     1 ||     9
       Corona            |       |       |       |     4 ||     4
Evoke: Rod               |       |       |     8 |     2 ||    10
       Wand              |       |       |     2 |       ||     2
  Use: Scroll            |       |       |    10 |     4 ||    14
       Potion            |       |       |     1 |     2 ||     3
 Stab: Invisible         |       |     3 |       |       ||     3
       Sleeping          |       |       |     3 |       ||     3
       Distracted        |       |       |     1 |     1 ||     2
  Eat: Chunk             |     4 |    12 |    21 |     7 ||    44
       Fruit             |       |       |     9 |       ||     9
